 Dungeon Crawl Stone Soup version 0.30.1-9-gdf580d7c3d (webtiles) character file.

Game seed: 5320588569771157282

682583 Gabide the Conqueror (level 27, -3/198 (224) HPs)
             Began as a Human Monk on Sept 24, 2023.
             Was the Champion of Dithmenos.
             Slain by a Hell Sentinel (10 damage)
             ... in Pandemonium on Oct 10, 2023.
             The game lasted 05:45:12 (105143 turns).

Gabide the Conqueror (Human Monk)                 Turns: 105143, Time: 05:45:13

HP:   -3/198 (224)  AC: 11    Str: 18      XL:     27
MP:   11/27         EV: 37    Int: 16 (18) God:    Dithmenos [******]
Gold: 8192          SH:  5    Dex: 25 (26) Spells: 40/44 levels left

rFire   + . .        a - +8 arc blade {discharge, rElec}
rCold   x . .        (no shield)
rNeg    . . .        O - +0 leather armour of Articulation {Will+ Slay+5}
rPois   +            (helmet restricted)
rElec   +            M - +2 cloak {rCorr}
rCorr   +            L - +2 pair of gloves of the Sixty-Six Xalams {rC+ Slay+2}
SInv    .            w - +1 pair of boots "Mipruuj" {MP-9 Str+4 Int+3}
Will    +++++        x - amulet of Hewkegul {Reflect rElec rC- Will+ SH+5} Stlth *****+++++
                     B - ring "Anets" {rElec rF+ rC- Will+ Str+3}
HPRegen 0.53/turn    r - ring of Lekhus {rPois Will- Int+6 Slay+3}
MPRegen 0.20/turn

%: random rage (3%), reflection
@: about to teleport, weakened, wreathed by umbra, studying Summonings, heavily
drained, unable to read
A: antennae 1, claws 1, berserk 1, deformed body, deterioration 1, dopey 2,
frail 1, strong-willed 1, teleportitis 1, weak 1, no potion heal 1, subdued
magic 1, inability to read after injury 1
}: 5/15 runes: barnacled, slimy, silver, abyssal, gossamer
a: Renounce Religion, Shadow Step, Shadow Form


You were in Pandemonium.
You worshipped Dithmenos.
Dithmenos was exalted by your worship.
You visited 12 branches of the dungeon, and saw 56 of its levels.
You visited Pandemonium 1 time, and saw 4 of its levels.
You visited the Abyss 1 time.
You also visited: Trove, Bailey and Gauntlet.

You collected 10460 gold pieces.
You spent 2268 gold pieces at shops.

Inventory:

Hand Weapons
 a - the +8 arc blade (weapon) {discharge, rElec}
   (You found it on level 1 of the Crypt)

   rElec:     It insulates you from electricity.
 b - the +7 shortbow "Aduitauthru" {speed, rC+ Will+}
   (You found it on level 5 of the Pits of Slime)

   rC:        It protects you from cold.
   Will:      It increases your willpower.
 d - the +7 falchion of Waugiwy {heavy, rN+ Int-5 Dex+3}
   (You found it on level 4 of the Shoals)

   Int:       It affects your intelligence (-5).
   Dex:       It affects your dexterity (+3).
   rN:        It protects you from negative energy.
 u - a +3 vampiric quick blade
 R - a +6 quick blade of electrocution
Missiles
 c - 8 curare-tipped darts
 k - 81 poisoned darts (quivered)
 H - a throwing net
Armour
 e - a +2 buckler
 h - a +5 ring mail of willpower
 v - the +1 ring mail "Maupas" {rN++ rCorr}
   (You found it on level 4 of the Vaults)

   rN:        It greatly protects you from negative energy.
   rCorr:     It protects you from acid and corrosion.
 w - the +1 pair of boots "Mipruuj" (worn) {MP-9 Str+4 Int+3}
   (You found it on level 4 of the Dungeon)

   Str:       It affects your strength (+4).
   Int:       It affects your intelligence (+3).
   MP:        It affects your magic capacity (-9).
 y - a +2 helmet of see invisible
 L - the +2 pair of gloves of the Sixty-Six Xalams (worn) {rC+ Slay+2}
   (You found it on level 3 of the Crypt)

   Slay:      It affects your accuracy & damage with ranged weapons and melee
   (+2).
   rC:        It protects you from cold.
 M - a +2 cloak of preservation (worn)
 O - the +0 leather armour of Articulation (worn) {Will+ Slay+5}
   (You found it on level 5 of the Pits of Slime)

   Slay:      It affects your accuracy & damage with ranged weapons and melee
   (+5).
   Will:      It increases your willpower.
 Z - the +3 cloak of the Past {rPois}
   (You found it in a treasure trove)

   rPois:     It protects you from poison.
Jewellery
 o - a ring of flight
 p - the ring of Dideulan {*Corrode rF+ Will- Int+5 Dex+9}
   (You found it on level 7 of the Dungeon)

   [ring of protection from fire]

   Int:       It affects your intelligence (+5).
   Dex:       It affects your dexterity (+9).
   rF:        It protects you from fire.
   *Corrode:  It may corrode you when you take damage.
   Will:      It decreases your willpower.
 q - a ring of protection from cold
 r - the ring of Lekhus (right hand) {rPois Will- Int+6 Slay+3}
   (You took it off Khufu on level 3 of the Crypt)

   [ring of poison resistance]

   Int:       It affects your intelligence (+6).
   Slay:      It affects your accuracy & damage with ranged weapons and melee
   (+3).
   rPois:     It protects you from poison.
   Will:      It decreases your willpower.
 x - the amulet of Hewkegul (around neck) {Reflect rElec rC- Will+ SH+5}
   (You found it in a treasure trove)

   [amulet of reflection]

   It reflects blocked missile attacks.
   rC:        It makes you vulnerable to cold.
   rElec:     It insulates you from electricity.
   SH:        It affects your SH (+5).
   Will:      It increases your willpower.
 B - the ring "Anets" (left hand) {rElec rF+ rC- Will+ Str+3}
   (You found it on level 14 of the Dungeon)

   [ring of protection from fire]

   Str:       It affects your strength (+3).
   rF:        It protects you from fire.
   rC:        It makes you vulnerable to cold.
   rElec:     It insulates you from electricity.
   Will:      It increases your willpower.
 F - the ring "Urintocs" {AC+4 Dex+3}
   (You found it on level 3 of the Depths)

   [ring of protection]

   AC:        It affects your AC (+4).
   Dex:       It affects your dexterity (+3).
 K - a ring of resist corrosion
 T - a ring of positive energy
Wands
 E - a wand of digging (24)
 J - a wand of roots (44)
 P - a wand of acid (39)
Scrolls
 f - 8 scrolls of teleportation
 g - 12 scrolls of blinking
 n - 7 scrolls of fog
 z - a scroll of brand weapon
 A - 4 scrolls of butterflies
 N - 7 scrolls of fear
 Q - 14 scrolls of immolation
 V - 7 scrolls of magic mapping
 X - a scroll of silence
Potions
 i - 24 potions of curing
 l - 7 potions of cancellation
 m - 2 potions of might
 t - 8 potions of lignification
 C - 12 potions of ambrosia
 D - 10 potions of magic
 G - a potion of heal wounds
 I - 3 potions of haste
 S - 8 potions of flight
 W - 19 potions of attraction
 Y - 4 potions of resistance
Miscellaneous
 j - a phial of floods


   Skills:
 O Level 27 Fighting
 - Level 21.0 Short Blades
 + Level 15.4 Ranged Weapons
 + Level 4.1 Throwing
 - Level 9.0 Armour
 O Level 27 Dodging
 - Level 21.0 Stealth
 - Level 9.0 Shields
 - Level 9.0 Spellcasting
 - Level 9.0 Invocations


You had 40 spell levels left.
You knew the following spells:

 Your Spells              Type           Power      Damage    Failure   Level
a - Blink                 Tloc           10%        N/A       14%         2
b - Wereblood             Tmut           5%         N/A       14%         2

Your spell library contained the following spells:

 Spells                   Type           Power      Damage    Failure   Level
 Apportation              Tloc           10%        N/A       10%         1
 Beastly Appendage        Tmut           10%        N/A       10%         1
 Foxfire                  Conj/Fire      20%        2x1d5     10%         1
 Freeze                   Ice            20%        1d4       10%         1
 Kiss of Death            Conj/Necr      20%        2d7       10%         1
 Magic Dart               Conj           20%        1d4       10%         1
 Shock                    Conj/Air       20%        1d4       10%         1
 Sting                    Tmut/Pois      20%        1d4       10%         1
 Summon Small Mammal      Summ           20%        N/A       10%         1
 Call Imp                 Summ           10%        N/A       14%         2
 Cigotuvi's Dreadful Rot  Necr/Pois/Air  10%        N/A       14%         2
 Ensorcelled Hibernation  Hex/Ice        10%        N/A       14%         2
 Lesser Beckoning         Tloc           10%        N/A       14%         2
 Momentum Strike          Conj/Tloc      10%        3d8       14%         2
 Passwall                 Tmut/Erth      4%         N/A       14%         2
 Poisonous Vapours        Pois/Air       10%        N/A       14%         2
 Scorch                   Fire           10%        2d5       14%         2
 Static Discharge         Conj/Air       10%        2-3/arc   14%         2
 Sublimation of Blood     Necr           5%         N/A       14%         2
 Call Canine Familiar     Summ           5%         N/A       30%         3
 Confusing Touch          Hex            5%         N/A       30%         3
 Frozen Ramparts          Ice            10%        1d2       30%         3
 Gell's Gravitas          Tloc           5%         N/A       30%         3
 Hailstorm                Conj/Ice       5%         3d4       30%         3
 Ignite Poison            Fire/Tmut/Pois 5%         N/A       30%         3
 Inner Flame              Hex/Fire       5%         N/A       30%         3
 Mephitic Cloud           Conj/Pois/Air  5%         N/A       30%         3
 Ozocubu's Armour         Ice            5%         N/A       30%         3
 Portal Projectile        Hex/Tloc       10%        N/A       30%         3
 Spider Form              Tmut/Pois      5%         N/A       30%         3
 Summon Guardian Golem    Hex/Summ       5%         N/A       30%         3
 Swiftness                Air            5%         N/A       30%         3
 Teleport Other           Tloc           5%         N/A       30%         3
 Vampiric Draining        Necr           5%         2d6       30%         3
 Vhi's Electric Charge    Tloc/Air       10%        N/A       30%         3
 Volatile Blastmotes      Fire/Tloc      10%        2d10      30%         3
 Airstrike                Air            2%         2d(1-17)  71%         4
 Anguish                  Hex/Necr       2%         N/A       71%         4
 Animate Dead             Necr           5%         N/A       71%         4
 Cause Fear               Hex            2%         N/A       71%         4
 Dispel Undead            Necr           5%         3d7       71%         4
 Flame Wave               Conj/Fire      5%         2d5       71%         4
 Ice Form                 Ice/Tmut       5%         N/A       71%         4
 Leda's Liquefaction      Hex/Erth       2%         N/A       71%         4
 Olgreb's Toxic Radiance  Pois           5%         N/A       71%         4
 Petrify                  Tmut/Erth      5%         N/A       71%         4
 Sticky Flame             Conj/Fire      5%         2d3       71%         4
 Summon Ice Beast         Ice/Summ       5%         N/A       71%         4
 Summon Lightning Spire   Summ/Air       5%         N/A       71%         4
 Alistair's Intoxication  Tmut/Pois      3%         N/A       96%         5
 Arcjolt                  Conj/Air       2%         1d12      96%         5
 Borgnjor's Vile Clutch   Necr/Erth      2%         N/A       96%         5
 Fireball                 Conj/Fire      2%         3d4       96%         5
 Freezing Cloud           Conj/Ice/Air   2%         6-21      96%         5
 Irradiate                Conj/Tmut      2%         3d12      96%         5
 Iskenderun's Battlesphe  Conj           5%         2d6       96%         5
 Lee's Rapid Deconstruct  Erth           2%         3d5*      96%         5
 Silence                  Hex/Air        2%         N/A       96%         5
 Summon Forest            Summ/Tloc      2%         N/A       96%         5
 Summon Mana Viper        Hex/Summ       5%         N/A       96%         5
 Yara's Violent Unravell  Hex/Tmut       2%         3d3       96%         5
 Conjure Ball Lightning   Conj/Air       2%         3x3d6     100%        6
 Death Channel            Necr           2%         N/A       100%        6
 Eringya's Noxious Bog    Tmut/Pois      2%         N/A       100%        6
 Iron Shot                Conj/Erth      2%         9d2       100%        6
 Plasma Beam              Fire/Air       2%         2x1d14    100%        6
 Starburst                Conj/Fire      2%         6d3       100%        6
 Statue Form              Tmut/Erth      3%         N/A       100%        6
 Summon Cactus Giant      Summ           2%         N/A       100%        6
 Dragon Form              Tmut           2%         N/A       100%        7
 Enfeeble                 Hex            2%         N/A       100%        7
 Haunt                    Necr/Summ      2%         N/A       100%        7
 Malign Gateway           Summ/Tloc      2%         N/A       100%        7
 Orb of Destruction       Conj           2%         9d5       100%        7
 Ozocubu's Refrigeration  Ice            2%         4d8       100%        7
 Spellforged Servitor     Conj/Summ      2%         N/A       100%        7
 Storm Form               Tmut/Air       2%         N/A       100%        7
 Ignition                 Fire           2%         3d3       100%        8
 Infestation              Necr           2%         N/A       100%        8
 Maxwell's Capacitive Co  Air            2%         ∞         100%        8
 Summon Horrible Things   Summ           2%         N/A       100%        8
 Chain Lightning          Conj/Air       2%         3d3       100%        9
 Death's Door             Necr           2%         N/A       100%        9
 Dragon's Call            Summ           2%         N/A       100%        9
 Fire Storm               Conj/Fire      2%         8d1       100%        9
 Shatter                  Erth           2%         3d6*      100%        9


Dungeon Overview and Level Annotations

Branches:
Dungeon (15/15)            Temple (1/1) D:7            Lair (5/5) D:10
 Shoals (4/4) Lair:2       Spider (4/4) Lair:3        Slime (5/5) Lair:4
    Orc (2/2) D:11            Elf (3/3) Orc:2        Vaults (5/5) D:13
  Crypt (3/3) Vaults:3       Tomb (0/3) Crypt:3      Depths (4/4) D:15
    Zot (5/5) Depths:4     Bailey (visited)         Gauntlet (visited)

Altars:
Ashenzari
Cheibriados
Dithmenos
Elyvilon
Fedhas
Gozag
Hepliaklqana
Kikubaaqudgha
Makhleb
Nemelex Xobeh
Okawaru
Qazlal
Ru
Sif Muna
Trog
Uskayaw
Vehumet
Wu Jian
Xom
Yredelemnul
Zin
The Shining One
Jiyva
Lugonu

Shops:
D:1 !   D:7 ==?   D:15 *   Orc:2 (*(*   Elf:3 =(?(   Shoals:2 :   Shoals:3 :

Portals:
Hell: Depths:1 Depths:2 Depths:3 Depths:4
Abyss: Spider:3 Zot:3 Depths:3
Pandemonium: Depths:2 Depths:3
Ziggurat: Depths:4

Annotations:
Spider:3 Joxtije's ghost, adept SpEn
Vaults:4 2 transporters, SlowGraham's ghost, legendary KoMo
Depths:4 1 exclusion
Zot:3 2 transporters, Hicanoach's ghost, master DsGl


Innate Abilities, Weirdness & Mutations

You have a pair of small antennae on your head.
You have sharp fingernails.
You sometimes lose your temper in combat.
Armour fits poorly on your strangely shaped body.
Your body sometimes deteriorates upon taking damage.
You are very dopey. (Int -4)
You are frail. (-10% HP)
You are strong-willed. (Will+)
You are occasionally teleported next to monsters.
You are weak. (Str -2)
Potions are less effective at restoring your health.
Your spells are a little easier to cast, but a little less powerful.
You occasionally lose the ability to read scrolls when taking damage.


Message History

The Executioner completely misses you. You block the Executioner's attack.
The Executioner completely misses you. x3
The Executioner hits you but does no damage.
The Executioner misses you.
A green death comes into view.
The Hell Sentinel gestures at you. The iron shot hits you!!!
* * * LOW HITPOINT WARNING * * *
You emit a cloud of dark smoke.
The Hell Sentinel attacks as you move away!
The Hell Sentinel closely misses you.
The Hell Sentinel completely misses you.
Found an embroidered cloak.
The Executioner barely misses you. The Executioner completely misses you.
The Executioner hits you but does no damage.
The Executioner completely misses you. The Executioner closely misses you.
The Executioner misses you. Something hits you!!
* * * LOW HITPOINT WARNING * * *
You feel your power leaking away.
Deactivating autopickup; reactivate with Ctrl-A.
The demonspawn corrupter calls down the wrath of Lugonu upon you.
The demonspawn black sun utters an invocation to Kikubaaqudgha.
The demonspawn black sun begins absorbing vital energies!
The Hell Sentinel begins absorbing vital energies!
The Executioner begins absorbing vital energies!
The demonspawn corrupter begins absorbing vital energies!
The green death begins absorbing vital energies!
The Hell Sentinel attacks as you move away!
The Hell Sentinel misses you. x2; You block the Executioner's attack.
The Executioner completely misses you.
The Executioner hits you but does no damage.
The Executioner completely misses you. x2; The Executioner misses you.
The demonspawn black sun completely misses you.
The Hell Sentinel attacks as you move away!
The Hell Sentinel hits you!!
You feel threatened and lose the ability to read scrolls!
* * * LOW HITPOINT WARNING * * *
Your body deteriorates!
You feel clumsy.
You feel your attacks grow feeble. The Hell Sentinel hits you!
You die...

.................
.................
.....2.........#
..............##
...............####
........§..........
........§§§.6....[.
........§§1{.......
.........§1@.......
........§§§§.......
...................
..........2....###.
...............#
.°............##
..............#
..............#
...............


You could see a Hell Sentinel (black mark), a demonspawn black sun (black mark),
a green death (black mark) and an Executioner (fast, black mark).

Vanquished Creatures
  the Royal Jelly (Slime:5)
  2 dread liches
  11 orbs of fire
  Khufu (Crypt:3)
  2 ancient liches (Vaults:4)
  A juggernaut (Depths:2)
  3 royal mummies (Crypt:3)
  Boris (thrice) (Vaults:4 Crypt:1)
  6 Killer Klowns
  Margery (Vaults:2)
  Saint Roka (Vaults:4)
  3 curse toes
  Frederick (Crypt:1)
  Bai Suzhen (Depths:1)
  8 golden dragons
  3 pandemonium lords (Pan)
  2 caustic shrikes (Depths:2)
  Nikola (Depths:1)
  2 bone dragons
  2 electric golems (Zot:5)
  A Brimstone Fiend (Pan)
  2 hellephants (Abyss:4)
  14 tentacled monstrosities
  3 Hell Sentinels (Pan)
  A walking crystal tome (Depths:2)
  6 liches
  25 Orb Guardians (Zot:5)
  A deep elf blademaster (Elf:3)
  A deep elf master archer (Elf:3)
  4 quicksilver dragons
  7 titans
  4 Executioners (Pan)
  20 acid blobs
  Frances (D:12)
  7 tengu reavers
  2 sphinxes
  9 ancient champions
  3 death cobs
  16 shadow dragons
  The ghost of Qyadack the Severer, an adept HOFi of Beogh (Spider:3)
  A kraken (Shoals:1)
  4 draconian monks
  25 rockslimes
  3 demonspawn warmongers (Pan)
  Roxanne (Shoals:1)
  Donald (Shoals:2)
  18 storm dragons
  4 revenants
  12 azure jellies
  4 draconian knights
  6 fire giants
  6 ghost moths
  8 deep elf sorcerers
  12 frost giants
  2 balrugs
  5 iron dragons
  18 vault wardens
  3 draconian shifters
  3 emperor scorpions (Spider:4)
  A curse skull (Crypt:2)
  An orc warlord (D:13)
  4 spectral caustic shrikes (Depths:2)
  6 draconian scorchers
  The ghost of LavenderCorpse the Stormcaller, an adept SpAE of Vehumet (Shoals:4)
  4 ghouls (Crypt:2)
  19 ironbound preservers
  7 ironbound thunderhulks
  2 spriggan defenders
  5 cacodemons
  A demonspawn blood saint (Pan)
  4 reapers
  26 very ugly things
  8 draconian annihilators
  3 draconian stormcallers
  8 quicksilver oozes
  9 deep elf elementalists
  9 vampire knights
  10 stone giants
  The ghost of Hiaf the Imperceptible, an adept SpHu of Fedhas (Spider:3)
  2 broodmothers
  5 war gargoyles
  A demonspawn corrupter (Pan)
  7 deep elf demonologists
  13 green draconians
  12 dire elephants
  3 demonspawn black suns (Pan)
  10 lorocyprocas (Pan)
  The ghost of Gipnemm the Unseen, a journeyman SpEn of Gozag (Spider:3)
  11 white draconians
  7 black draconians
  11 deep elf annihilators
  A minotaur (Gauntlet)
  7 purple draconians
  10 spark wasps
  6 red draconians
  4 eidola
  13 yellow draconians
  The ghost of TwoHeadsTalk the Spry, a journeyman FeSu of Gozag (Spider:1)
  12 merfolk impalers
  A quicksilver dragon zombie (Crypt:3)
  11 fire dragons
  A blizzard demon (Depths:3)
  5 green deaths (Pan)
  A mummy priest (Elf:1)
  A merfolk javelineer (Shoals:3)
  10 deep elf death magi
  Snorg (D:12)
  11 ettins
  The ghost of Nacvoray the Severer, a journeyman MiBe of Trog (D:15)
  2 crystal guardians (Vaults:1)
  8 deep elf high priests
  2 entropy weavers
  10 jiangshi
  2 rakshasas
  A fenstrider witch zombie (Crypt:1)
  A great orb of eyes (shapeshifter) (Depths:1)
  11 ice dragons
  Harold (D:9)
  14 yaktaur captains
  10 great orbs of eyes
  2 hell beasts
  33 vault guards
  4 hydras
  A catoblepas (Lair:5)
  3 alligator snapping turtles
  2 spriggan skeletons (Crypt:3)
  2 spriggan air magi
  13 centaur warriors
  2 merfolk avatars (Shoals:4)
  2 peacekeepers
  12 ironbound frosthearts
  4 ogre magi
  2 death knights
  12 boulder beetles
  2 radroaches (Spider:4)
  6 tengu warriors
  A two-headed ogre (shapeshifter) (Vaults:5)
  6 death yaks
  2 merfolk aquamancers
  6 two-headed ogres
  5 satyrs
  3 hell hogs (Depths:3)
  9 vampire magi
  2 thrashing horrors
  6 deep troll earth magi
  11 hell knights
  2 deep troll shamans
  31 dancing weapons
  A spriggan berserker (Depths:2)
  Urug (Lair:4)
  23 deep elf knights
  7 orc high priests
  7 skysharks
  24 soul eaters
  A titan zombie (Crypt:1)
  20 sun demons
  A salamander mystic (Depths:4)
  8 sixfirhies
  6 pharaoh ants
  5 iron trolls
  4 shadow wraiths
  9 sea snakes
  36 deep trolls
  12 skeletal warriors
  A sun moth (Spider:4)
  4 flayed ghosts
  4 shadow demons
  2 death drakes (shapeshifter)
  2 glowing orange brains
  A spatial maelstrom (Abyss:4)
  A bog body (Crypt:2)
  A goliath frog (shapeshifter) (Vaults:4)
  8 orb spiders
  15 deep elf archers
  An orange crystal statue (Zot:5)
  15 phantasmal warriors
  8 wizards
  22 ironbound convokers
  9 harpies
  An iron dragon zombie (Crypt:3)
  3 necromancers
  16 orc knights
  33 deep elf zephyrmancers
  A jorogumo zombie (Crypt:2)
  7 steelbarb worms
  9 lindwurms
  37 ugly things
  A mana viper (shapeshifter) (Vaults:4)
  43 deep elf pyromancers
  9 shining eyes
  2 oklob plants
  7 orc sorcerers
  19 moths of wrath
  3 spectral merfolk (Shoals:4)
  14 manticores
  3 salamanders (Depths:4)
  8 cyclopes
  19 fauns
  Maurice (D:7)
  A sphinx skeleton (Crypt:3)
  3 merfolk sirens
  18 wolf spiders
  A centaur zombie (Crypt:3)
  6 smoke demons
  12 black mambas
  2 apocalypse crabs (Shoals:1)
  5 elephants
  A guardian serpent (shapeshifter) (Vaults:4)
  A rust devil (Depths:3)
  3 eyes of devastation
  19 demonic crawlers
  6 torpor snails
  2 molten gargoyles (Lair:5)
  5 water nymphs
  20 vault sentinels
  2 gargoyles
  An orange demon (Pan)
  An elephant slug zombie (Crypt:2)
  A cane toad (shapeshifter) (Elf:1)
  2 hellions (Pan)
  A spectral sea snake (Shoals:4)
  A rime drake (shapeshifter) (Depths:2)
  4 unseen horrors
  7 cane toads
  2 kobold demonologists (Elf:1)
  7 freezing wraiths
  42 yaktaurs
  7 tengu conjurers
  7 komodo dragons
  A spectral water nymph (Shoals:4)
  An efreet (Pan)
  A harpy zombie (Crypt:1)
  2 ice devils
  6 tormentors (Pan)
  5 trolls
  9 hellwings (Pan)
  2 red devils
  13 meliai
  12 hornets
  10 wind drakes
  30 tarantellas
  2 ettin zombies
  Prince Ribbit (Lair:2)
  A death drake skeleton (Crypt:1)
  18 merfolk
  11 blink frogs
  A merfolk zombie (Crypt:3)
  4 snapping turtles
  A guardian serpent zombie (Crypt:2)
  4 dream sheep (Shoals:3)
  2 slime creatures (shapeshifter) (Vaults:5)
  20 jumping spiders
  A spectral wind drake (Shoals:4)
  8 wraiths
  5 air elementals
  11 flying skulls (Crypt:1)
  A shadow (D:10)
  14 ynoxinuls (Pan)
  71 slime creatures
  5 spriggans
  15 water elementals
  13 culicivoras
  8 wyverns
  56 yaks
  A human (D:13)
  5 basilisks
  16 neqoxecs
  6 vampires
  4 steam dragons
  2 fire elementals
  4 golden eyes (Slime:2)
  4 vampire mosquitoes (D:14)
  A merfolk simulacrum (Shoals:4)
  A sea snake simulacrum (Shoals:4)
  46 redbacks
  8 wargs
  A harpy simulacrum (Crypt:3)
  13 chaos spawn
  2 spatial vortices (Abyss:4)
  A skyshark zombie (Crypt:1)
  13 large abominations
  An acid dragon (Gauntlet)
  4 hell hounds (Lair:5)
  A floating eye (shapeshifter) (Depths:4)
  17 water moccasins
  4 floating eyes
  A faun skeleton (Crypt:2)
  A two-headed ogre skeleton (Crypt:3)
  A deep troll skeleton (Crypt:1)
  35 orc warriors
  2 sky beasts
  2 black bears
  An ice beast (D:4)
  7 boggarts
  A manticore skeleton (Crypt:3)
  A phantom (D:7)
  9 centaurs
  A vine stalker zombie (Crypt:1)
  8 kobold brigands
  11 bullfrogs
  2 rime drake skeletons
  A komodo dragon skeleton (Crypt:2)
  6 small abominations (Depths:3)
  2 water nymph simulacra (Shoals:4)
  A gnoll sergeant (D:13)
  5 earth elementals
  A draconian skeleton (Crypt:2)
  8 scorpions
  4 wights (D:7)
  A yak zombie (Crypt:3)
  A manticore simulacrum (Shoals:4)
  18 killer bees
  7 vampire bats (Bailey)
  A yak skeleton (Crypt:3)
  2 howler monkeys (D:11)
  2 electric eels (D:7)
  6 wolf zombies (Bailey)
  2 lava snakes (Lair:5)
  3 crimson imps (Gauntlet)
  17 orc priests
  A gnoll bouda (D:7)
  10 hounds
  5 jellies
  Jessica (D:2)
  A black bear skeleton (Crypt:2)
  3 iguanas
  3 sleepcaps
  A boggart zombie (Crypt:3)
  24 orc wizards
  A mummy (Crypt:2)
  6 adders
  12 gnolls
  A steam dragon zombie (Crypt:3)
  5 white imps
  2 ufetubi
  2 worms (D:3)
  5 dart slugs
  76 orcs
  9 endoplasms
  10 giant cockroaches
  7 goblins
  8 hobgoblins
  15 jackals
  3 quokkas
  A river rat zombie (Crypt:3)
  14 ball pythons
  5 bats
  5 frilled lizards
  48 kobolds
  22 orc zombies (Bailey)
  A quokka skeleton (Crypt:2)
  2 quokka zombies
  3 rats
  2 fire vortices (Pan)
  A lurking horror (Abyss:4)
2567 creatures vanquished.

Vanquished Creatures (others)
  A walking earthen tome (Depths:2)
  A spark wasp (Depths:1)
  A red draconian (Zot:3)
  A dancing weapon (Elf:2)
  A deep elf knight (Elf:2)
  A deep elf pyromancer (Elf:1)
  2 deep elf zephyrmancers
  An orange demon (Pan)
  An eye of devastation (shapeshifter) (D:14)
  A tarantella (Spider:3)
  A warg (Vaults:4)
  A hell hound (Lair:5)
  A small abomination (Depths:3)
  A bullfrog (D:8)
  An electric eel (D:14)
  A white imp (D:8)
  2 orcs (D:14)
  A fire vortex (Pan)
  A lurking horror (Spider:3)
  11 tentacles (Shoals:1)
32 creatures vanquished.

Grand Total: 2599 creatures vanquished

Notes
Turn   | Place    | Note
-------+----------+-------------------------------------------
     0 | D:1      | Gabide the Human Monk began the quest for the Orb.
     0 | D:1      | Reached XP level 1. HP: 18/18 MP: 1/1
   147 | D:1      | Reached XP level 2. HP: 24/24 MP: 2/2
   209 | D:1      | Found Voowaos's Distillery.
   428 | D:1      | Reached XP level 3. HP: 26/29 MP: 3/3
  1034 | D:2      | Noticed Jessica
  1042 | D:2      | Killed Jessica
  1043 | D:2      | Reached XP level 4. HP: 28/35 MP: 4/4
  1307 | D:2      | Reached skill level 5 in Short Blades
  1684 | D:3      | Reached XP level 5. HP: 41/41 MP: 5/5
  1847 | D:3      | You fall into a shaft and drop 2 floors!
  1847 | D:5      | Entered Level 5 of the Dungeon
  2095 | D:4      | Reached XP level 6. HP: 40/47 MP: 6/6
  2240 | D:4      | Found a sparkling altar of Nemelex Xobeh.
  2353 | D:4      | Noticed an ice beast
  2364 | D:4      | Killed an ice beast
  2549 | D:4      | Noticed a water moccasin
  2558 | D:4      | Killed a water moccasin
  2559 | D:4      | Reached XP level 7. HP: 45/52 MP: 7/7
  2693 | D:3      | Found a glowing golden altar of the Shining One.
  2938 | D:3      | Found a stormy altar of Qazlal.
  3154 | D:4      | Identified the +1 pair of boots "Mipruuj" {MP-9 Str+4
                  | Int+3}
  3230 | D:4      | Reached XP level 8. HP: 58/58 MP: 0/8
  4060 | D:5      | Reached skill level 10 in Short Blades
  4415 | D:6      | Found a burning altar of Makhleb.
  4432 | D:6      | Reached XP level 9. HP: 63/63 MP: 0/9
  4478 | D:6      | Found a shimmering blue altar of Sif Muna.
  4596 | D:6      | Found a snail-covered altar of Cheibriados.
  4746 | D:6      | Found a bloodstained altar of Trog.
  4813 | D:6      | Found a sacrificial altar of Ru.
  4934 | D:6      | Reached skill level 1 in Armour
  4934 | D:6      | Reached skill level 1 in Stealth
  5069 | D:7      | Found Xeyg Cok's Jewellery Emporium.
  5069 | D:7      | Found Yzeruoll's Jewellery Emporium.
  5069 | D:7      | Found Quves's Magic Scroll Emporium.
  5228 | D:7      | Noticed a tengu warrior
  5252 | D:7      | Killed a tengu warrior
  5253 | D:7      | Reached XP level 10. HP: 22/72 MP: 1/10
  5312 | D:7      | Found a shadowy altar of Dithmenos.
  5427 | D:7      | Became a worshipper of Dithmenos the Shadowed
  5427 | D:7      | Reached * piety under Dithmenos
  5427 | D:7      | Reached ** piety under Dithmenos
  5518 | D:7      | Reached skill level 5 in Fighting
  5518 | D:7      | Reached skill level 5 in Dodging
  5657 | D:7      | Identified the ring of Dideulan {*Corrode rF+ Will- Int+5
                  | Dex+9}
  5954 | D:7      | Found a staircase to the Ecumenical Temple.
  6010 | Temple   | Entered the Ecumenical Temple
  6580 | D:8      | Noticed Maurice
  6651 | D:7      | Killed Maurice
  6936 | D:8      | Found an ancient bone altar of Kikubaaqudgha.
  7229 | D:9      | Found a glowing silver altar of Zin.
  7285 | D:9      | Reached skill level 5 in Stealth
  7333 | D:9      | Found an opulent altar of Gozag.
  7395 | D:9      | Reached skill level 5 in Armour
  7408 | D:9      | Reached XP level 11. HP: 72/81 MP: 2/11
  7470 | D:9      | Reached *** piety under Dithmenos
  7542 | D:9      | Noticed Harold
  7549 | D:9      | Killed Harold
  8165 | D:10     | Entered Level 10 of the Dungeon
  8280 | D:10     | Found a flagged portal.
  8290 | Bailey   | Entered a bailey
  8400 | Bailey   | Reached **** piety under Dithmenos
  9111 | D:10     | Found a staircase to the Lair.
  9360 | D:10     | Reached XP level 12. HP: 94/94 MP: 3/12
  9696 | D:11     | Noticed a two-headed ogre
  9698 | D:11     | Reached ***** piety under Dithmenos
  9763 | D:10     | Killed a two-headed ogre
  9878 | D:11     | Noticed a boulder beetle
  9907 | D:11     | Killed a boulder beetle
  9908 | D:11     | Reached skill level 10 in Fighting
  9908 | D:11     | Reached skill level 10 in Dodging
 10101 | D:11     | Found a staircase to the Orcish Mines.
 10545 | D:12     | Noticed a boulder beetle
 10559 | D:12     | Killed a boulder beetle
 10601 | D:12     | Found a gate leading to a gauntlet.
 10628 | Gauntlet | Entered a Gauntlet
 10628 | Gauntlet | Found a transporter.
 10638 | Gauntlet | Found a transporter.
 10641 | Gauntlet | Found a transporter.
 10642 | Gauntlet | Found a transporter.
 10653 | Gauntlet | Found a transporter.
 10654 | Gauntlet | Found a transporter.
 10662 | Gauntlet | Found a transporter.
 10665 | Gauntlet | Found a transporter.
 10666 | Gauntlet | Found a transporter.
 10673 | Gauntlet | Noticed a glowing orange brain
 10675 | Gauntlet | Found a transporter.
 10677 | Gauntlet | Found a transporter.
 10678 | Gauntlet | Found a transporter.
 10685 | Gauntlet | Noticed a hell beast
 10686 | Gauntlet | Found a transporter.
 10734 | Gauntlet | Found a transporter.
 10926 | Gauntlet | Killed a glowing orange brain
 10992 | Gauntlet | Killed a hell beast
 10993 | Gauntlet | Reached XP level 13. HP: 71/106 MP: 4/13
 10994 | Gauntlet | Identified the +0 pair of gloves of Resourcefulness {rC+}
 11035 | Gauntlet | Noticed a minotaur
 11048 | Gauntlet | Killed a minotaur
 11281 | D:12     | Noticed Snorg
 11286 | D:12     | Killed Snorg
 11624 | D:12     | Noticed Frances
 11641 | D:12     | Killed Frances
 11896 | D:13     | Noticed a centaur warrior
 11906 | D:13     | Killed a centaur warrior
 11920 | D:13     | Identified the amulet "Luamuwk" {Spirit Harm *Slow Regen+
                  | Str+5}
 11947 | D:13     | Noticed a centaur warrior
 11953 | D:13     | Killed a centaur warrior
 12046 | D:13     | Noticed a vault guard
 12135 | D:13     | Noticed a vault guard
 12136 | D:13     | Noticed an ogre mage
 12423 | D:13     | Killed an ogre mage
 12456 | D:13     | Killed a vault guard
 12746 | D:13     | Killed a vault guard
 12976 | D:13     | Found a gate to the Vaults.
 12976 | D:13     | Noticed a vault guard
 12976 | D:13     | Noticed a vault guard
 12980 | D:13     | Killed a vault guard
 12993 | D:13     | Killed a vault guard
 13059 | D:13     | Reached XP level 14. HP: 118/118 MP: 0/14
 13858 | D:14     | Found a sparkling altar of Nemelex Xobeh.
 14017 | D:14     | Found a runed translucent gate.
 14017 | D:14     | Found a runed translucent gate.
 14018 | D:14     | Found a runed translucent gate.
 14018 | D:14     | Noticed Nacvoray's ghost (journeyman MiBe)
 14021 | D:14     | Identified the +5 plate armour of the True Pharaoh {rN+
                  | Dex+3}
 14079 | D:14     | Reached ****** piety under Dithmenos
 15167 | D:14     | Identified the ring "Anets" {rElec rF+ rC- Will+ Str+3}
 15203 | D:15     | Entered Level 15 of the Dungeon
 15373 | D:15     | Found a staircase to the Depths.
 15389 | D:15     | Reached skill level 15 in Dodging
 15401 | D:15     | Reached skill level 15 in Fighting
 15521 | D:15     | Reached XP level 15. HP: 129/129 MP: 6/15
 15592 | D:15     | Killed Nacvoray's ghost
 15992 | D:15     | Found Setaub's Assorted Antiques.
 16416 | Lair:1   | Entered Level 1 of the Lair of Beasts
 16736 | Lair:1   | Found a transporter.
 16860 | Lair:1   | Found a transporter.
 17194 | Lair:1   | Identified the +0 hat "Tago" {rF+ Int+2}
 17224 | Lair:2   | Noticed Prince Ribbit
 17242 | Lair:2   | Killed Prince Ribbit
 17335 | Lair:2   | Found a staircase to the Shoals.
 17795 | Lair:2   | Identified the +0 ring mail of Hedging {Fly Dex+3}
 18570 | Lair:3   | Reached skill level 15 in Short Blades
 18902 | Lair:3   | Found a hole to the Spider Nest.
 19451 | Lair:4   | Found a runed translucent door.
 19452 | Lair:4   | Found a viscous altar of Jiyva.
 19454 | Lair:4   | Found a staircase to the Slime Pits.
 19542 | Lair:4   | Identified the +7 morningstar of Houmaw {heavy, Dex+3}
 19596 | Lair:4   | Noticed Urug
 19611 | Lair:4   | Killed Urug
 20077 | Lair:5   | Entered Level 5 of the Lair of Beasts
 20260 | Lair:4   | Reached XP level 16. HP: 131/136 MP: 7/16
 21361 | Lair:5   | Found a large runed translucent door.
 21361 | Lair:5   | Found a large runed translucent door.
 21979 | Orc:1    | Entered Level 1 of the Orcish Mines
 22419 | Orc:2    | Entered Level 2 of the Orcish Mines
 22426 | Orc:2    | Found a staircase to the Elven Halls.
 23020 | Orc:2    | Found Qiontez's General Store.
 23377 | Orc:2    | Found Muystrun's Antique Weapon Boutique.
 23395 | Orc:2    | Found Xool's Assorted Antiques.
 23434 | Orc:2    | Found Aduotedy's Antique Weapon Shoppe.
 23445 | Orc:2    | Bought a potion of heal wounds for 125 gold pieces
 23445 | Orc:2    | Bought 2 potions of resistance for 500 gold pieces
 23455 | Orc:2    | Bought a potion of haste for 150 gold pieces
 23455 | Orc:2    | Bought a potion of haste for 150 gold pieces
 23457 | Orc:2    | Bought a twisted sling for 149 gold pieces
 23457 | Orc:2    | Identified the +4 sling of Moral Flaws {speed, rF+ rC- MP+9
                  | Dex+3} (You bought it in a shop on level 2 of the Orcish
                  | Mines)
 23819 | D:15     | Bought 3 scrolls of blinking for 900 gold pieces
 23993 | Shoals:1 | Entered Level 1 of the Shoals
 24456 | Shoals:1 | Noticed Roxanne
 24513 | Shoals:1 | Killed Roxanne
 24589 | Shoals:1 | Reached XP level 17. HP: 67/147 MP: 8/17
 25028 | Shoals:1 | Noticed a kraken
 25709 | Shoals:1 | Noticed a tentacled monstrosity
 25725 | Shoals:1 | Killed a tentacled monstrosity
 25726 | Shoals:1 | Identified the ring "Rostah" {Fire Dex+5}
 25730 | Shoals:1 | Got Eczujong's Almanac of Mad Ravings
 25861 | Shoals:2 | Noticed Donald
 25864 | Shoals:2 | Killed Donald
 25903 | Shoals:2 | Found Eguq's Book Shop.
 28000 | Shoals:3 | Found Furgh's Book Shoppe.
 28558 | Shoals:4 | Entered Level 4 of the Shoals
 29273 | Shoals:4 | Reached skill level 10 in Stealth
 29808 | Shoals:4 | Reached XP level 18. HP: 157/157 MP: 9/18
 30024 | Shoals:4 | Found a runed translucent gate.
 30025 | Shoals:4 | Found a runed translucent gate.
 30026 | Shoals:4 | Found a runed translucent gate.
 30026 | Shoals:4 | Noticed LavenderCorpse's ghost (adept SpAE)
 30311 | Shoals:4 | Identified the +7 falchion of Waugiwy {heavy, rN+ Int-5
                  | Dex+3}
 30372 | Shoals:4 | Got a barnacled rune of Zot
 30445 | Shoals:4 | Identified the +10 short sword "Byhoeta" {heavy, *Slow
                  | rElec rC+ Stlth+}
 30902 | Shoals:4 | Killed LavenderCorpse's ghost
 31205 | Shoals:1 | Killed a kraken
 31388 | Spider:1 | Entered Level 1 of the Spider Nest
 31555 | Spider:1 | Identified the +6 dagger of Umef Era {elec, Fragile rElec
                  | rPois Str+3}
 32008 | Spider:1 | Found a runed translucent door.
 32009 | Spider:1 | Found a shimmering altar of Xom.
 32009 | Spider:1 | Noticed TwoHeadsTalk's ghost (journeyman FeSu)
 32009 | Spider:1 | Identified the +4 glaive "Oroxua" {chaos, rF+ Str+2}
 32015 | Spider:1 | Killed TwoHeadsTalk's ghost
 32019 | Spider:1 | Identified the +1 falchion of Gazing Dismemberment {elec,
                  | rF+}
 33121 | Spider:3 | Found a corrupted altar of Lugonu.
 33129 | Spider:3 | Found a one-way gate to the infinite horrors of the Abyss.
 33395 | Spider:3 | Found a runed translucent gate.
 33395 | Spider:3 | Found a runed translucent gate.
 33395 | Spider:3 | Found a runed translucent gate.
 33395 | Spider:3 | Noticed Joxtije's ghost (adept SpEn)
 33396 | Spider:3 | Noticed Hiaf's ghost (adept SpHu)
 33396 | Spider:3 | Noticed Qyadack's ghost (adept HOFi)
 33396 | Spider:3 | Noticed Gipnemm's ghost (journeyman SpEn)
 33953 | Spider:3 | Killed Qyadack's ghost
 34019 | Spider:3 | Killed Hiaf's ghost
 34066 | Spider:3 | Killed Gipnemm's ghost
 34102 | Spider:4 | Entered Level 4 of the Spider Nest
 34365 | Spider:4 | Reached XP level 19. HP: 111/163 MP: 7/19
 36048 | Spider:4 | Paralysed by a hornet for 3 turns
 36387 | Spider:4 | Got a gossamer rune of Zot
 36788 | Depths:1 | Entered Level 1 of the Depths
 37160 | Depths:1 | Noticed Bai Suzhen
 37165 | Depths:1 | Killed Bai Suzhen
 37295 | Depths:1 | Found a huge runed gate.
 37295 | Depths:1 | Found a huge runed gate.
 37295 | Depths:1 | Found a huge runed gate.
 37295 | Depths:1 | Found a huge runed gate.
 37295 | Depths:1 | Found a huge runed gate.
 37295 | Depths:1 | Found a huge runed gate.
 37295 | Depths:1 | Found a huge runed gate.
 37295 | Depths:1 | Found a huge runed gate.
 37296 | Depths:1 | Found a huge runed gate.
 37298 | Depths:1 | Found a huge runed gate.
 37301 | Depths:1 | Found a huge runed gate.
 37301 | Depths:1 | Found a huge runed gate.
 37301 | Depths:1 | Found a huge runed gate.
 37301 | Depths:1 | Found a huge runed gate.
 37301 | Depths:1 | Found a huge runed gate.
 37302 | Depths:1 | Found a huge runed gate.
 37303 | Depths:1 | Found a huge runed gate.
 37304 | Depths:1 | Found a huge runed gate.
 37305 | Depths:1 | Found a huge runed gate.
 37313 | Depths:1 | Found a huge runed gate.
 37313 | Depths:1 | Found a huge runed gate.
 37313 | Depths:1 | Found a huge runed gate.
 37313 | Depths:1 | Found a huge runed gate.
 37313 | Depths:1 | Found a huge runed gate.
 37313 | Depths:1 | Found a huge runed gate.
 37314 | Depths:1 | Found a huge runed gate.
 37315 | Depths:1 | Found a huge runed gate.
 37316 | Depths:1 | Found a huge runed gate.
 37324 | Depths:1 | Found a huge runed gate.
 37324 | Depths:1 | Found a huge runed gate.
 37324 | Depths:1 | Found a huge runed gate.
 37324 | Depths:1 | Found a huge runed gate.
 37324 | Depths:1 | Found a huge runed gate.
 37324 | Depths:1 | Found a huge runed gate.
 37325 | Depths:1 | Found a huge runed gate.
 37326 | Depths:1 | Found a huge runed gate.
 37351 | Depths:1 | Noticed Nikola
 37356 | Depths:1 | Killed Nikola
 37484 | Depths:1 | Found a gateway to Hell.
 37820 | Depths:1 | Reached XP level 20. HP: 166/178 MP: 11/20
 38358 | Depths:2 | Found a radiant altar of Vehumet.
 38946 | Depths:2 | Noticed a tentacled monstrosity
 38948 | Depths:2 | Killed a tentacled monstrosity
 38950 | Depths:2 | Noticed a caustic shrike
 39002 | Depths:2 | Noticed a tentacled monstrosity
 39012 | Depths:2 | Killed a caustic shrike
 39739 | Depths:2 | You fall into a shaft and drop 1 floor!
 40079 | Depths:3 | Found a shimmering altar of Xom.
 40569 | Depths:3 | Identified the ring "Urintocs" {AC+4 Dex+3}
 40870 | Depths:3 | Found a one-way gate leading to the halls of Pandemonium.
 41731 | Depths:2 | Paralysed by a vampire knight for 2 turns
 42460 | Depths:2 | Noticed a juggernaut
 42500 | Depths:2 | Killed a juggernaut
 42788 | Depths:2 | Killed a tentacled monstrosity
 42880 | Depths:2 | Identified the +0 chain mail "Unloud" {Int+3}
 42930 | Depths:2 | Noticed a golden dragon
 42966 | Depths:2 | Reached XP level 21. HP: 115/189 MP: 12/21
 43024 | Depths:2 | Killed a golden dragon
 43590 | Depths:2 | Noticed a caustic shrike
 43627 | Depths:2 | Killed a caustic shrike
 43849 | Vaults:1 | Entered Level 1 of the Vaults
 47409 | Vaults:2 | Reached XP level 22. HP: 200/200 MP: 13/22
 47578 | Vaults:2 | Identified the staff of fire "Taol" {rF+ Int+3}
 49321 | Vaults:3 | Noticed Margery
 49612 | Vaults:2 | Killed Margery
 49811 | Vaults:3 | Found a portal to a secret trove of treasure.
 51265 | Vaults:3 | Found a staircase to the Crypt.
 52996 | Vaults:4 | Noticed Saint Roka
 53115 | Vaults:4 | Killed Saint Roka
 53367 | Vaults:3 | Reached XP level 23. HP: 211/211 MP: 14/23
 53377 | Vaults:3 | You paid a toll of a +7 demon trident to enter a treasure
                  | trove
 53378 | Trove    | Entered a treasure trove
 53386 | Trove    | Identified the amulet of Hewkegul {Reflect rElec rC- Will+
                  | SH+5}
 53394 | Trove    | Identified the +3 cloak of the Past {rPois}
 53395 | Trove    | Identified the ring of Nihilism {*Slow rF+ rC+++ rN+ MP+9
                  | Slay-3}
 53399 | Trove    | Identified the amulet "Zelon" {Reflect MP+9 SH+5}
 54279 | Vaults:4 | Identified the +1 ring mail "Maupas" {rN++ rCorr}
 54344 | Vaults:4 | Noticed Boris
 54634 | Vaults:4 | Killed Boris
 54793 | Vaults:4 | Noticed SlowGraham's ghost (legendary KoMo)
 54795 | Vaults:4 | Found a transporter.
 54795 | Vaults:4 | Found a transporter.
 54823 | Vaults:4 | Found the ring of Shadows {Umbra +Inv Stlth+}
 54825 | Vaults:4 | Identified a scroll of acquirement
 55654 | Depths:1 | Noticed a golden dragon
 55654 | Depths:1 | Noticed a golden dragon
 55661 | Depths:1 | Paralysed by a floating eye for 3 turns
 55670 | Depths:1 | Paralysed by a floating eye for 2 turns
 55770 | Depths:1 | Killed a golden dragon
 57019 | Depths:1 | Killed a golden dragon
 57877 | Depths:4 | Entered Level 4 of the Depths
 57878 | Depths:4 | Identified the amulet of Serendipity {RegenMP Harm Fragile
                  | rElec rPois Dex+6}
 57887 | Depths:4 | Noticed a golden dragon
 57925 | Depths:4 | Paralysed by a floating eye for 4 turns
 58281 | Depths:4 | Killed a golden dragon
 58477 | Depths:4 | Noticed an ancient lich
 58478 | Depths:4 | Found a one-way gateway to a ziggurat.
 58560 | Depths:4 | Found an ornate altar of the Wu Jian Council.
 58945 | Depths:4 | Found a gate to the Realm of Zot.
 58945 | Depths:4 | Noticed a golden dragon
 59069 | Depths:4 | Killed a golden dragon
 60085 | Elf:1    | Entered Level 1 of the Elven Halls
 60160 | Elf:1    | Reached XP level 24. HP: 212/221 MP: 14/23
 60271 | Elf:1    | Found a shimmering blue altar of Sif Muna.
 60369 | Elf:1    | Identified the amulet "Kuodaol" {RegenMP rPois Str+2 Int-5
                  | SInv}
 60941 | Elf:1    | Paralysed by an air elemental for 1 turns
 61552 | Elf:1    | Reached skill level 1 in Shields
 62104 | Elf:2    | Paralysed by an air elemental for 1 turns
 62297 | Elf:2    | Found a runed translucent gate.
 62297 | Elf:2    | Found a runed translucent gate.
 62298 | Elf:2    | Found a runed translucent gate.
 63134 | Elf:2    | Reached skill level 5 in Shields
 63834 | Elf:3    | Entered Level 3 of the Elven Halls
 63896 | Elf:3    | Found a radiant altar of Vehumet.
 63970 | Elf:3    | Found Veiseb's Magic Scroll Shop.
 63970 | Elf:3    | Found Giyraz's Antique Weapon Boutique.
 63998 | Elf:3    | Found Ulaheas's Antique Weapon Shop.
 63998 | Elf:3    | Found Qinurint's Jewellery Boutique.
 64031 | Elf:3    | Bought a scroll of blinking for 105 gold pieces
 64031 | Elf:3    | Bought a scroll of teleportation for 42 gold pieces
 64031 | Elf:3    | Bought a scroll of teleportation for 42 gold pieces
 64031 | Elf:3    | Bought a scroll of enchant armour for 105 gold pieces
 64258 | Abyss:3  | Cast into level 3 of the Abyss (a deep elf sorcerer)
 64283 | Abyss:4  | Found a corrupted altar of Lugonu.
 64368 | Abyss:4  | Found a corrupted altar of Lugonu.
 64379 | Abyss:4  | Got an abyssal rune of Zot
 64399 | Abyss:4  | Reached XP level 25. HP: 192/232 MP: 11/23
 64688 | Elf:3    | Escaped the Abyss
 65392 | Elf:3    | Paralysed by an air elemental for 1 turns
 65933 | Elf:3    | Identified the +4 demon trident of Famine {venom, rElec
                  | Str-4 Int+4}
 65933 | Elf:3    | Identified the ring of Pawehocs {rC++ Will+ Str-4 Int+6}
 66749 | Elf:3    | Identified the +4 falchion "Death Rattle" {freeze, Int+4}
 66862 | Elf:3    | Identified the amulet "Roitus" {RegenMP *Slow rPois Int+3}
 66907 | Elf:3    | Identified the ring "Daix" {rElec rN+ rCorr Str+6 Dex-2
                  | Slay+2}
 67076 | Elf:3    | Identified the staff of earth "Putiasen" {Stlth+}
 67080 | Elf:3    | Identified the +1 scimitar of the Mashing Bear {heavy,
                  | rElec}
 67597 | Crypt:1  | Entered Level 1 of the Crypt
 67741 | Crypt:1  | Noticed Boris
 67797 | Crypt:1  | Killed Boris
 68213 | Crypt:1  | Reached skill level 1 in Invocations
 68245 | Crypt:1  | Found the +8 arc blade {discharge, rElec}
 68311 | Crypt:1  | Noticed Frederick
 68323 | Crypt:1  | Killed Frederick
 68610 | Crypt:1  | Reached skill level 5 in Invocations
 69906 | Crypt:3  | Entered Level 3 of the Crypt
 70263 | Crypt:3  | Noticed a royal mummy
 70264 | Crypt:3  | Noticed a royal mummy
 70297 | Crypt:3  | Reached XP level 26. HP: 122/240 MP: 20/29
 70315 | Crypt:3  | Killed a royal mummy
 70316 | Crypt:3  | Reached skill level 27 in Fighting
 70565 | Crypt:3  | Reached skill level 27 in Dodging
 71449 | Crypt:3  | Found a staircase to the Tomb.
 71570 | Crypt:3  | Identified the ring of Lekhus {rPois Will- Int+6 Slay+3}
 71570 | Crypt:3  | Noticed Khufu
 71911 | Crypt:3  | Noticed a royal mummy
 71974 | Crypt:3  | Killed a royal mummy
 73645 | Crypt:3  | Killed a royal mummy
 74130 | Crypt:3  | Found an ancient bone altar of Kikubaaqudgha.
 74134 | Crypt:3  | Found a basalt altar of Yredelemnul.
 74175 | Crypt:3  | Identified the +2 pair of gloves of the Sixty-Six Xalams
                  | {rC+ Slay+2}
 74190 | Crypt:3  | Identified the amulet "Hoammay" {Acrobat Int+4}
 74190 | Crypt:3  | Identified the ring "Nyas" {rN+ MP+9 Str+2 Dex+3}
 74524 | Crypt:3  | Identified the ring "Jequen" {Fly rC++ rN+ Dex-2}
 75056 | Crypt:3  | Killed Khufu
 75337 | Vaults:5 | Entered Level 5 of the Vaults
 75528 | Vaults:5 | Identified the amulet "Duifus" {Reflect rN+ SH+5}
 76262 | Vaults:5 | Noticed a dread lich
 76576 | Vaults:4 | Killed a dread lich
 76879 | Vaults:5 | Noticed Boris
 77640 | Vaults:5 | Noticed an ancient lich
 77682 | Vaults:5 | Noticed an ancient lich
 77889 | Vaults:4 | Killed an ancient lich
 78332 | Vaults:4 | Killed an ancient lich
 78333 | Vaults:4 | Reached XP level 27. HP: 87/226 MP: 20/29
 78613 | Vaults:5 | Identified the +2 robe of the Kraken {rC+ Dex+4}
 79359 | Vaults:4 | Reached skill level 15 in Stealth
 79457 | Vaults:4 | Killed Boris
 80309 | Vaults:5 | Identified the staff of fire "Rij Meiq" {rPois rF+ Str-3
                  | Int+4}
 80314 | Vaults:5 | Identified the +8 quarterstaff "Zaraw" {freeze, Str+3}
 80344 | Vaults:5 | Identified the +8 scimitar of Instant Death {spect, rN+
                  | Will++ MP+9 Stlth-}
 80347 | Vaults:5 | Identified the +11 spear of Demand {chaos, Will++}
 81260 | Vaults:5 | Got a silver rune of Zot
 81393 | Vaults:5 | Got the Handbook of the Battered Xenops
 81399 | Vaults:5 | Identified the +4 mace of Voczal {flame, *Rage rF+++ Str-3
                  | Int+4}
 81978 | Slime:1  | Entered Level 1 of the Pits of Slime
 82322 | Slime:2  | Gained mutation: You are clumsy. (Dex -2) [a shining eye]
 82328 | Slime:2  | Gained mutation: You are very clumsy. (Dex -4) [a shining
                  | eye]
 83425 | Slime:3  | Lost mutation: You are very clumsy. (Dex -4) [potion of
                  | mutation]
 83425 | Slime:3  | Lost mutation: You are clumsy. (Dex -2) [potion of
                  | mutation]
 83425 | Slime:3  | Gained mutation: Your flesh is heat resistant. (rF+)
                  | [potion of mutation]
 84935 | Slime:5  | Entered Level 5 of the Pits of Slime
 85181 | Slime:5  | Found a viscous altar of Jiyva.
 85272 | Slime:5  | Noticed the Royal Jelly
 85349 | Slime:5  | Killed the Royal Jelly
 85615 | Slime:5  | Identified the +7 shortbow "Aduitauthru" {speed, rC+ Will+}
 85620 | Slime:5  | Identified the +6 trident of Codiju {flame, rN+}
 85622 | Slime:5  | Got a slimy rune of Zot
 85647 | Slime:5  | Identified the +0 leather armour of Articulation {Will+
                  | Slay+5}
 85648 | Slime:5  | Identified the +5 mace "Iphuick" {venom, rC+++ Str+3 Dex-3}
 85663 | Slime:5  | Got Peytume's Quarto of the Dark Crevasse
 85688 | Slime:5  | Got Keock's Writings on Gases and Toxicity
 85774 | Slime:5  | Gained mutation: You are dopey. (Int -2) [a shining eye]
 85777 | Slime:5  | Gained mutation: You sometimes lose your temper in combat.
                  | [a shining eye]
 85812 | Slime:5  | Lost mutation: You are dopey. (Int -2) [potion of mutation]
 85812 | Slime:5  | Lost mutation: Your flesh is heat resistant. (rF+) [potion
                  | of mutation]
 85812 | Slime:5  | Lost mutation: You sometimes lose your temper in combat.
                  | [potion of mutation]
 85812 | Slime:5  | Gained mutation: You expend magic power (3 MP) to
                  | strengthen your wands. [potion of mutation]
 85812 | Slime:5  | Gained mutation: You do not regenerate when monsters are
                  | visible. [potion of mutation]
 85812 | Slime:5  | Gained mutation: Your mind is acute. (Int +4, Str/Dex -1)
                  | [potion of mutation]
 86019 | Slime:5  | Learned a level 2 spell: Blink
 86022 | Slime:5  | Learned a level 2 spell: Wereblood
 86433 | Zot:1    | Entered Level 1 of the Realm of Zot
 86446 | Zot:1    | Reached skill level 1 in Spellcasting
 86452 | Zot:1    | Identified the ring "Yhitz" {Ice rElec rPois Int+3 Dex-2}
 86521 | Zot:1    | Identified the +5 falchion of Gallantry {flame, rN+ rCorr
                  | Stlth+}
 86837 | Zot:1    | Noticed an orb of fire
 86839 | Zot:1    | Killed an orb of fire
 86961 | Zot:1    | Identified the ring of Happiness {Ice Fly MP+9}
 87651 | Zot:2    | Noticed a Killer Klown
 87673 | Zot:2    | Killed a Killer Klown
 88421 | Zot:2    | Noticed an orb of fire
 88441 | Zot:2    | Gained mutation: Your spells are a little easier to cast,
                  | but a little less powerful. [an orb of fire]
 88445 | Zot:2    | Killed an orb of fire
 88622 | Zot:2    | Reached skill level 5 in Spellcasting
 89051 | Zot:2    | Identified the +0 chain mail of the Midnight Sun {rN+ MP+9}
 89897 | Zot:3    | Noticed a dread lich
 90077 | Zot:3    | Noticed a Killer Klown
 90102 | Zot:3    | Found a transporter.
 90102 | Zot:3    | Noticed a dread lich
 90103 | Zot:3    | Noticed Hicanoach's ghost (master DsGl)
 90107 | Zot:3    | Found a transporter.
 90113 | Zot:3    | Noticed an ancient lich
 90389 | Zot:3    | Noticed a Killer Klown
 90395 | Zot:3    | Killed a Killer Klown
 90828 | Zot:3    | Noticed a Killer Klown
 90857 | Zot:3    | Killed a Killer Klown
 91365 | Zot:3    | Identified the +10 hand axe "Womaf" {venom, rElec}
 93341 | Zot:5    | Entered Level 5 of the Realm of Zot
 94647 | Zot:5    | Noticed a dread lich
 94676 | Zot:5    | Killed a dread lich
 94835 | Zot:5    | Noticed an orb of fire
 94845 | Zot:5    | Gained mutation: You have hidden genetic defects. [an orb
                  | of fire]
 94850 | Zot:5    | Gained mutation: You are vulnerable to heat. (rF-) [an orb
                  | of fire]
 94853 | Zot:5    | Gained mutation: You are weak. (Str -2) [an orb of fire]
 94861 | Zot:5    | Killed an orb of fire
 95027 | Zot:4    | Lost mutation: You have hidden genetic defects. [potion of
                  | mutation]
 95027 | Zot:4    | Lost mutation: You do not regenerate when monsters are
                  | visible. [potion of mutation]
 95027 | Zot:4    | Gained mutation: Your mind is very acute. (Int +8, Str/Dex
                  | -2) [potion of mutation]
 95027 | Zot:4    | Gained mutation: You have hidden genetic potential. [potion
                  | of mutation]
 95028 | Zot:4    | Lost mutation: You have hidden genetic potential. [potion
                  | of mutation]
 95028 | Zot:4    | Lost mutation: Your mind is very acute. (Int +8, Str/Dex
                  | -2) [potion of mutation]
 95028 | Zot:4    | Gained mutation: You are agile. (Dex +4, Str/Int -1)
                  | [potion of mutation]
 95028 | Zot:4    | Gained mutation: Your system is resistant to poisons.
                  | (rPois) [potion of mutation]
 95028 | Zot:4    | Gained mutation: Your mind is very acute. (Int +8, Str/Dex
                  | -2) [potion of mutation]
 95029 | Zot:4    | Lost mutation: Your mind is very acute. (Int +8, Str/Dex
                  | -2) [potion of mutation]
 95029 | Zot:4    | Lost mutation: You are weak. (Str -2) [potion of mutation]
 95029 | Zot:4    | Lost mutation: You expend magic power (3 MP) to strengthen
                  | your wands. [potion of mutation]
 95029 | Zot:4    | Lost mutation: You are agile. (Dex +4, Str/Int -1) [potion
                  | of mutation]
 95030 | Zot:4    | Lost mutation: Your mind is acute. (Int +4, Str/Dex -1)
                  | [potion of mutation]
 95030 | Zot:4    | Lost mutation: Your system is resistant to poisons. (rPois)
                  | [potion of mutation]
 95030 | Zot:4    | Lost mutation: Your spells are a little easier to cast, but
                  | a little less powerful. [potion of mutation]
 95030 | Zot:4    | Gained mutation: You have sharp toenails. [potion of
                  | mutation]
 95030 | Zot:4    | Gained mutation: You are partially covered in iridescent
                  | scales. (AC +2) [potion of mutation]
 95030 | Zot:4    | Gained mutation: You have an increased reservoir of magic.
                  | (+10% MP) [potion of mutation]
 95031 | Zot:4    | Lost mutation: You are partially covered in iridescent
                  | scales. (AC +2) [potion of mutation]
 95031 | Zot:4    | Lost mutation: You have sharp toenails. [potion of
                  | mutation]
 95031 | Zot:4    | Gained mutation: Your mind is acute. (Int +4, Str/Dex -1)
                  | [potion of mutation]
 95031 | Zot:4    | Gained mutation: You have large cloven feet. [potion of
                  | mutation]
 95032 | Zot:4    | Lost mutation: You have an increased reservoir of magic.
                  | (+10% MP) [potion of mutation]
 95032 | Zot:4    | Lost mutation: Your mind is acute. (Int +4, Str/Dex -1)
                  | [potion of mutation]
 95032 | Zot:4    | Gained mutation: You have a pair of small horns on your
                  | head. [potion of mutation]
 95032 | Zot:4    | Gained mutation: You are dopey. (Int -2) [potion of
                  | mutation]
 95032 | Zot:4    | Gained mutation: Your skin changes colour to match your
                  | surroundings (Stealth+). [potion of mutation]
 95033 | Zot:4    | Lost mutation: You have large cloven feet. [potion of
                  | mutation]
 95033 | Zot:4    | Lost mutation: Your skin changes colour to match your
                  | surroundings (Stealth+). [potion of mutation]
 95033 | Zot:4    | Lost mutation: You have a pair of small horns on your head.
                  | [potion of mutation]
 95033 | Zot:4    | Gained mutation: You do not regenerate when monsters are
                  | visible. [potion of mutation]
 95034 | Zot:4    | Lost mutation: You are dopey. (Int -2) [potion of mutation]
 95034 | Zot:4    | Lost mutation: You do not regenerate when monsters are
                  | visible. [potion of mutation]
 95034 | Zot:4    | Gained mutation: Your spells are a little easier to cast,
                  | but a little less powerful. [potion of mutation]
 95034 | Zot:4    | Gained mutation: Your magical capacity is low. (-10% MP)
                  | [potion of mutation]
 95034 | Zot:4    | Gained mutation: Your mind is acute. (Int +4, Str/Dex -1)
                  | [potion of mutation]
 95035 | Zot:4    | Lost mutation: Your mind is acute. (Int +4, Str/Dex -1)
                  | [potion of mutation]
 95035 | Zot:4    | Lost mutation: Your spells are a little easier to cast, but
                  | a little less powerful. [potion of mutation]
 95035 | Zot:4    | Lost mutation: You are vulnerable to heat. (rF-) [potion of
                  | mutation]
 95035 | Zot:4    | Gained mutation: You are agile. (Dex +4, Str/Int -1)
                  | [potion of mutation]
 95035 | Zot:4    | Gained mutation: You are very agile. (Dex +8, Str/Int -2)
                  | [potion of mutation]
 95520 | Zot:5    | Noticed a Killer Klown
 95541 | Zot:5    | Killed a Killer Klown
 95643 | Zot:5    | Noticed an orb of fire
 95661 | Zot:5    | Gained mutation: Potions are less effective at restoring
                  | your health. [an orb of fire]
 95669 | Zot:5    | Killed an orb of fire
 95959 | Zot:5    | Noticed an orb of fire
 95964 | Zot:5    | Noticed an orb of fire
 95964 | Zot:5    | Gained mutation: Armour fits poorly on your strangely
                  | shaped body. [an orb of fire]
 95969 | Zot:5    | Gained mutation: Your body sometimes deteriorates upon
                  | taking damage. [an orb of fire]
 95983 | Zot:5    | Killed an orb of fire
 95999 | Zot:5    | Killed an orb of fire
 96429 | Zot:5    | Identified the +1 robe of Bad Feelings {-Tele Fly Str+4
                  | Slay+2}
 96911 | Zot:5    | Reached skill level 5 in Ranged Weapons
 97843 | Zot:5    | Noticed an orb of fire
 97965 | Zot:5    | Noticed an orb of fire
 97967 | Zot:5    | Noticed a Killer Klown
 97967 | Zot:5    | Noticed an orb of fire
 97967 | Zot:5    | Noticed an orb of fire
 97967 | Zot:5    | Noticed a Killer Klown
 97967 | Zot:5    | Noticed an orb of fire
 97967 | Zot:5    | Gained mutation: You are strong-willed. (Will+) [an orb of
                  | fire]
 97968 | Zot:5    | Killed an orb of fire
 97970 | Zot:5    | Killed an orb of fire
 97971 | Zot:5    | Killed an orb of fire
 98272 | Zot:5    | Gained mutation: You occasionally lose the ability to read
                  | scrolls when taking damage. [an orb of fire]
 98276 | Zot:5    | Killed an orb of fire
 98529 | Zot:5    | Gained mutation: You occasionally shout uncontrollably at
                  | your foes. [an orb of fire]
 98534 | Zot:5    | Lost mutation: Your magical capacity is low. (-10% MP) [an
                  | orb of fire]
 98540 | Zot:5    | Gained mutation: You have sharp fingernails. [an orb of
                  | fire]
 98556 | Zot:5    | Killed an orb of fire
 98564 | Zot:5    | Killed a Killer Klown
 98742 | Zot:5    | Killed a Killer Klown
 99052 | Zot:5    | Reached skill level 10 in Ranged Weapons
 99624 | Pan      | Entered Pandemonium
 99873 | Pan      | Gained mutation: You have hidden genetic defects. [a
                  | neqoxec]
100425 | Pan      | Gained mutation: Your spells are a little easier to cast,
                  | but a little less powerful. [a cacodemon]
100482 | Pan      | Gained mutation: You are dopey. (Int -2) [a neqoxec]
100585 | Pan      | Noticed Xeveilir the pandemonium lord
100591 | Pan      | Gained mutation: You are very dopey. (Int -4) [a cacodemon]
100606 | Pan      | Killed Xeveilir the pandemonium lord
100853 | Pan      | Found an exit through the horrors of the Abyss.
101241 | Pan      | Lost mutation: You are very agile. (Dex +8, Str/Int -2) [a
                  | neqoxec]
101244 | Pan      | Gained mutation: You are occasionally teleported next to
                  | monsters. [a neqoxec]
101524 | Pan      | Gained mutation: You are frail. (-10% HP) [hidden defects]
101872 | Pan      | Noticed Hujaqerch the pandemonium lord
101877 | Pan      | Killed Hujaqerch the pandemonium lord
102133 | Pan      | Lost mutation: You are agile. (Dex +4, Str/Int -1) [potion
                  | of mutation]
102133 | Pan      | Lost mutation: You occasionally shout uncontrollably at
                  | your foes. [potion of mutation]
102133 | Pan      | Lost mutation: You are very dopey. (Int -4) [potion of
                  | mutation]
102133 | Pan      | Gained mutation: You have a pair of small antennae on your
                  | head. [potion of mutation]
102687 | Pan      | Gained mutation: You are very dopey. (Int -4) [a neqoxec]
102979 | Pan      | Noticed Cison the pandemonium lord
102995 | Pan      | Gained mutation: You are weak. (Str -2) [hidden defects]
102995 | Pan      | Lost mutation: You have hidden genetic defects. [hidden
                  | defects expressed]
103464 | Pan      | Killed Cison the pandemonium lord
103768 | Pan      | Reached skill level 1 in Throwing
103941 | Pan      | Reached skill level 15 in Ranged Weapons
104006 | Pan      | Gained mutation: You sometimes lose your temper in combat.
                  | [a cacodemon]
105143 | Pan      | HP: 7/198 [Hell Sentinel (28)]
105143 | Pan      | Slain by a Hell Sentinel

Illustrated notes

Levels and vault maps discovered:
D:1:      ebering_trefoil_3fold, layout_basic, serial_shops, nicolae_square_shop
D:2:      layout_basic, uniq_jessica
D:3:      layout_rooms, mainiacjoe_overflow_catwalk,
          nicolae_overflow_crystal_walls, cheibrodos_gnoll_hut
D:4:      minmay_diamond_boxcup, layout_basic, mainiacjoe_overflow_boulevard
D:5:      layout_basic
D:6:      layout_basic, bloody_makhleb, trog_butcher_becter,
          mainiacjoe_overflow_chevrons, mainiacjoe_overflow_six_doors_small,
          kennysheep_mini
D:7:      nzn_winding_woodlands_cross [nzn_winding_woodlands_5x15_jagged,
          nzn_winding_woodlands_5x15_sidewinder,
          nzn_winding_woodlands_5x15_split_checker,
          nzn_winding_woodlands_5x15_twine,
          nzn_winding_woodlands_15x15_eel_pit], layout_basic,
          mainiacjoe_overflow_24_doors, minmay_temple_entry_proselytizer,
          nicolae_shop_distant_corner_stores, kennysheep_dice
D:8:      layout_rooms, kiku_gazebo_garden_becter, lemuel_flamethrower_2,
          uniq_maurice
D:9:      layout_basic, pdpol_temple_overflow_zin_treasury_gozag_greed,
          uniq_harold
D:10:     layout_stronghold, erik_lair_orcish_takeover, enter_bailey_3
D:11:     layout_cave_pools, david_orc_4
D:12:     layout_loops_cross, gauntlet_entry_generic, uniq_frances, uniq_snorg
D:13:     layout_basic, grunt_vaults_entry_fortified, serial_glass,
          glass_columns_a, glass_columns_b, chequers_serial_rivers_micro_c,
          drop_trap
D:14:     layout_basic, biasface_ghost_orc_armoury, nemelex_altar_shiori,
          lemuel_freeze_loot_1
D:15:     grunt_enter_depths_hoard, layout_loops_corners, serial_shops,
          nicolae_shop_temple_entry_statues_fountains, nzn_life_drinkers
Temple:   compressed_dpeg_circular_temple
Lair:1:   gammafunk_worm_tunnel, layout_regular_city, st_stairs_3
Lair:2:   layout_cave_pods, minmay_shoals_entry_beasts, uniq_prince_ribbit2
Lair:3:   layout_hall_layers, hellmonk_spider_entry_not_the_bees,
          eino_small_chamber_without_monster, grunt_forest_large_clearings,
          serial_bayou_shore_b, infiniplex_staircase_pool_2
Lair:4:   layout_hall_layers, slime_entry_2, dpeg_oklob_1, uniq_urug
Lair:5:   cheibrodos_lair_end_hotspot, layout_small_grid,
          nicolae_lair_yak_garden
Shoals:1: dreamdust_from_the_deep, layout_shoals, uniq_roxanne
Shoals:2: cheibrodos_shoals_satyrical_garden, layout_shoals,
          nicolae_stop_n_shop_1, nicolae_shoals_so_close, uniq_donald
Shoals:3: layout_shoals, serial_shops, shop
Shoals:4: shoals_end_hangedman, layout_shoals, gammafunk_ghost_necromancy
Spider:1: layout_spider_delve, ebering_ghost_xom, hangedman_spider_mandibles,
          nicolae_spider_webbed_stairs
Spider:2: layout_spider_delve, nicolae_spider_rock_and_or_roll
Spider:3: layout_spider_delve, gammafunk_ghost_cemetery,
          amcnicky_altar_lugonu_corruption
Spider:4: spider_rune_water, drop_trap, nicolae_spider_webs_and_nodes
Slime:1:  layout_caves
Slime:2:  layout_caves
Slime:3:  layout_caves
Slime:4:  layout_caves
Slime:5
Orc:1:    cheibrodos_orc_arena, layout_caves, library_closet
Orc:2:    st_orc_elflike, layout_diamond_mine, statue_in_the_mist_lemuel
Elf:1:    elf_arrival_002, layout_gridlike, hangedman_elf_represent,
          hangedman_summoners_spam, hangedman_decor_cross_pass
Elf:2:    nicolae_elf_blades_splatter_lattice
          [nicolae_blade_entry_crossed_weapons], layout_geoelf_diagonals,
          serial_corexii_hall, chequers_hall_statues_corner_a,
          chequers_hall_statues_y, kb_rosetta
Elf:3:    minmay_elf_hall_four_x, layout_loops_corners, basic_altar,
          grunt_ministairs_2, minmay_shoptagon
Vaults:1: nicolae_vaults_door_testing_chamber, v_rooms_6, v_misc_16,
          nicolae_vaults_sesquioval_fish, vaults_room_pool,
          ontoclasm_vaults_misaligned, nicolae_vaults_ring_of_whatevers,
          layout_vaults_omnigrid
Vaults:2: nicolae_vaults_tetromino_Z_1, ontoclasm_vaults_eye,
          hangedman_vaults_corner, nicolae_vaults_ninety_degrees, v_misc_2,
          nicolae_vaults_trapezoid_4, nicolae_vaults_layer_cake_slice,
          nicolae_vaults_stepped_doors, nicolae_vaults_network_barrier,
          nicolae_vaults_offset_grid_hallway_1, nicolae_vaults_house_1,
          vaults_dpeg_hooks, st_check, vaults_mumra_chevron,
          layout_vaults_maze_bifur
Vaults:3: nicolae_vaults_cornered_office, ontoclasm_vaults_tryst,
          nicolae_vaults_oval_intersection, vaults_mumra_chevron_long,
          v_misc_26, nicolae_vaults_double_plus_2,
          minmay_crypt_entry_nasty_monster,
          nicolae_vaults_shipping_containers_5, nicolae_vaults_little_squares_3,
          hangedman_vaults_stretched_pinwheel, ontoclasm_vaults_bender,
          nicolae_vaults_little_squares_6, vaults_room_pool,
          vaults_room_corners, layout_vaults_big_cross,
          nicolae_trove_entry_free_sample, uniq_margery
Vaults:4: gammafunk_ghost_mausoleum, nicolae_vaults_ellipses_ellipsis,
          nicolae_vaults_sealed_display, nicolae_vaults_offset_grid_hallway_2,
          grunt_vaults_bifocal, nicolae_vaults_shelves_hall,
          nicolae_vaults_little_squares_4, nicolae_vaults_little_squares_5,
          vaults_room_door_ring, v_misc_12, nicolae_vaults_variable_pillar_hall,
          nicolae_vaults_three_branches, nicolae_vaults_weapon_check,
          nicolae_vaults_windows_and_doors_thing, vaults_room_grid,
          layout_vaults_omnibox, uniq_boris, uniq_saint_roka
Vaults:5: serial_shops
Crypt:1:  layout_chaotic_city, grunt_megastairs_2, grunt_crypt_arrival_split,
          uniq_frederick
Crypt:2:  layout_chaotic_city
Crypt:3:  lightli_unholy_cathedral, layout_chaotic_city, minivault_25,
          uniq_khufu
Depths:1: layout_gridville, hellmouth_1, nicolae_figureground_sparkle,
          glass_columns_c, door_vault, uniq_nikola, uniq_bai_suzhen
Depths:2: minmay_four_inscribed_fans, layout_basic, vehumet_crystals, pan_entry,
          pf_hell_entry_tar_river, minmay_staircase_windowed_small
Depths:3: hangedman_elemental_death_ray, layout_gridlike,
          minmay_room_of_horrors, rand_demon_pan_entry_4, minmay_misc_feat_chi,
          hangedman_coc_ice_floe, tgw_xom
Depths:4: grunt_zot_entry_tricorne, layout_twisted_cross, enter_ziggurat_d,
          pf_hell_entry_great_geh, nzn_wu_jian_contemplation,
          infiniplex_staircase_pool_lava
Zot:1:    layout_gridlike, st_stairs_5, hangedman_elemental_corridor
Zot:2:    layout_onion_interference
Zot:3:    kennysheep_spiral_hall, layout_gridlike,
          gammafunk_ghost_abyssal_escape, hangedman_snake_sidewinding
Zot:4:    layout_basic, grunt_ministairs_1
Zot:5:    layout_misc_corridors, guppyfry_library_mini
Pan:      rand_demon_2, layout_pan_divisions_a [pan_division_quadrant_a1,
          pan_division_quadrant_a2, pan_division_quadrant_a3,
          pan_division_quadrant_a2, pan_division_octagon_box],
          grunt_pan_pentagram, layout_pan_divisions_a [pan_division_quadrant_a2,
          pan_division_quadrant_a2, pan_division_quadrant_a2,
          pan_division_quadrant_a6, pan_division_octagon_divided],
          pan_blood_fountain, rand_demon_2, layout_cellular_growth,
          nicolae_pan_lom_lobonic_4, evilmike_mini_pan_branches,
          layout_grid_shapes

Skill      XL: |  1  2  3  4  5  6  7  8  9 10 11 12 13 14 15 16 17 18 19 20 21 22 23 24 25 26 27 |
---------------+----------------------------------------------------------------------------------+-----
Short Blades   | 4 5 6 7 8 10 12 15 18 21 | 21.0
Armour         | 3 5 6 9 |  9.0
Stealth        | 3 5 6 10 12 14 21 | 21.0
Fighting       | 4 6 8 11 13 15 17 18 19 20 22 23 24 25 26 27 | 27.0
Dodging        | 4 6 8 11 13 15 17 18 19 21 23 24 25 26 27 | 27.0
Shields        | 6 9 |  9.0
Invocations    | 9 |  9.0
Spellcasting   | 9 |  9.0
Ranged Weapons | 15 | 15.4
Throwing       | 4 |  4.1

Action                     |  1- 3 |  4- 6 |  7- 9 | 10-12 | 13-15 | 16-18 | 19-21 | 22-24 | 25-27 || total
---------------------------+-------+-------+-------+-------+-------+-------+-------+-------+-------++-------
  Melee: Short sword       |    91 |       |       |       |       |   591 |   784 |   252 |   227 ||  1945
         Whip              |    13 |     6 |       |       |       |       |       |       |       ||    19
         Rapier            |       |   163 |   181 |   992 |  1191 |  1737 |       |       |  3254 ||  7518
         Punch             |       |       |       |    14 |    22 |    48 |    89 |   113 |    22 ||   308
         Dagger            |       |       |       |       |       |    31 |       |       |       ||    31
         Quick blade       |       |       |       |       |       |       |  2481 |  4211 |   500 ||  7192
   Fire: Sling             |       |       |    61 |    31 |       |    19 |       |       |       ||   111
         Shortbow          |       |       |       |       |       |       |       |       |   355 ||   355
  Throw: Boomerang         |       |     1 |     1 |     2 |       |       |       |       |       ||     4
         Dart              |       |       |       |    17 |    76 |    27 |    24 |     7 |    51 ||   202
         Throwing net      |       |       |       |     1 |     1 |       |     1 |       |     1 ||     4
   Cast: Wereblood         |       |       |       |       |       |       |       |       |     3 ||     3
         Blink             |       |       |       |       |       |       |       |       |     1 ||     1
 Invoke: Shadow Step       |       |       |       |       |       |     4 |     5 |     1 |    11 ||    21
         Shadow Form       |       |       |       |       |       |       |       |       |     2 ||     2
  Evoke: Wand              |       |       |       |     3 |       |     3 |     5 |     1 |    11 ||    23
    Use: Scroll            |       |    11 |     7 |    11 |    10 |     9 |    11 |    15 |    21 ||    95
         Potion            |       |       |     3 |     2 |     7 |    12 |    18 |    12 |    35 ||    89
   Stab: Sleeping          |       |       |       |    13 |    30 |    47 |    53 |    89 |    94 ||   326
         Distracted        |       |       |       |     1 |       |    20 |    13 |    24 |    45 ||   103
         Invisible         |       |       |       |       |    15 |       |       |    10 |     9 ||    34
         Held in net/web   |       |       |       |       |     3 |       |       |       |       ||     3
         Petrified         |       |       |       |       |       |     4 |       |       |       ||     4
         Fleeing           |       |       |       |       |       |     1 |       |       |       ||     1
 Armour: Ring mail         |    29 |    51 |    74 |   226 |   227 |   428 |   425 |   246 |   175 ||  1881
         Leather armour    |       |       |       |       |       |       |       |       |    88 ||    88
  Dodge: Dodged            |    46 |    62 |   111 |   652 |  1102 |  2436 |  2793 |  2604 |  3183 || 12989
  Block: Other             |       |       |       |       |       |       |       |   196 |    98 ||   294
         Reflection        |       |       |       |       |       |       |       |    26 |    54 ||    80
         Buckler           |       |       |       |       |       |       |       |   169 |  1748 ||  1917
